Cogmind - Beta 10.2 @@@ ROGUE MODE // 2021.09.16 @ 15:03:06 Player: Storyteller Result: Destroyed by S-10 Pest with Light Assault Rifle Performance ------------- Evolutions (2) 1000 Regions Visited (4) 800 Robots Destroyed (15) 75 Value Destroyed (372) 372 Prototype IDs (4) 80 Alien Tech Used (0) 0 Bonus (0) 0 TOTAL SCORE: 2327 Bonus ------- None Cogmind --------- Core Integrity 0/550 Matter 240/300 Energy 100/100 System Corruption 0% Temperature Cool (18) Movement Core (150) Ox2 Location -8/Materials Parts ------- > --- POWER (2) -------- (None) > --- PROPULSION (4) --- (None) > --- UTILITY (3) ------ Medium Storage Unit > --- WEAPON (2) ------- (None) > --- INVENTORY (8) ---- Medium Storage Unit Large Battery (300) Improved Signal Interpreter Terrain Scan Processor Improved Terrain Scan Processor Peak State ------------ > --- POWER ------------ Light Ion Engine > --- PROPULSION ------- Flight Unit VTOL Module VTOL Module VTOL Module > --- UTILITY ---------- Medium Storage Unit Targeting Computer Core Shielding > --- WEAPON ----------- Improved EM Shotgun Datajack > --- INVENTORY -------- Flight Unit Medium Storage Unit Large Battery Improved Signal Interpreter Terrain Scan Processor Improved Terrain Scan Processor Shock Rifle [Rating: 16] Favorites ----------- Power Light Ion Engine Engine Light Ion Engine Propulsion VTOL Module Leg Aluminum Leg Flight Unit VTOL Module Utility Targeting Computer Storage Small Storage Unit Processor Targeting Computer Protection Core Shielding Weapon EM Pulse Gun Energy Gun EM Pulse Gun Ballistic Gun Assault Rifle Impact Weapon Hammer Special Melee Weapon Datajack Build | -11 -10 -9 -9 -8 ------- Run | Scr Mat Mat Min Mat Slots Evolved 4 | . . 2 . 2 Power 1 | . . . . 1 Propulsion 2 | . . 1 . 1 Utility 1 | . . 1 . . Weapon . | . . . . . Parts Attached 31 | 6 9 7 1 8 Power 2 | 1 1 . . . Engine 2 | 1 1 . . . Core . | . . . . . Reactor . | . . . . . Propulsion 13 | 2 3 4 . 4 Treads . | . . . . . Leg 2 | 2 . . . . Wheel . | . . . . . Hover . | . . . . . Flight 11 | . 3 4 . 4 Utility 4 | 1 1 2 . . Device . | . . . . . Storage 2 | 1 . 1 . . Processor 1 | . 1 . . . Hackware . | . . . . . Protection 1 | . . 1 . . Artifact . | . . . . . Weapon 12 | 2 4 1 1 4 Energy Gun 6 | 2 . . 1 3 Energy Cannon . | . . . . . Ballistic Gun 4 | . 4 . . . Ballistic Cannon . | . . . . . Launcher . | . . . . . Special Weapon . | . . . . . Impact Weapon 1 | . . . . 1 Slashing Weapon . | . . . . . Piercing Weapon . | . . . . . Special Melee Weapon 1 | . . 1 . . Unidentified Prototypes 2 | . . 1 . 1 Parts Lost 22 | . 5 3 . 14 Power 2 | . 1 . . 1 Propulsion 9 | . 2 1 . 6 Utility 2 | . . . . 2 Weapon 9 | . 2 2 . 5 Highest Loss Streak 4 | . 2 3 . 4 Average Slot Usage (%) 77 | . 83 91 97 59 Engine 9 | . 12 11 11 1 Leg 11 | . 20 . . . Flight 12 | . 2 33 33 21 Storage 11 | . 14 11 11 9 Processor 10 | . 11 11 11 9 Protection 4 | . . 10 11 8 Energy Gun 10 | . 15 . 8 5 Ballistic Gun 3 | . 4 9 . . Special Melee Weapon 1 | . . 5 11 2 Naked Turns . | . . . . . Heaviest Build 15 | 10 10 15 15 15 Greatest Support 20 | 20 20 15 15 19 Greatest Overweight (x) 2 | . 2 1 . 2 Average Overweight (x) . | . . . . . Largest Inventory Capacity 8 | 6 6 8 8 8 Average Capacity 6 | 5 6 7 8 8 Most Carried 8 | 4 6 5 4 8 Average Carried 5 | 2 5 3 4 6 Final Capacity 8 | 6 6 8 8 8 Final Carried 6 | 4 6 4 4 5 Class Distribution -------------------- 100% | Mutant Dominant Class ---------------- Mutant | -10/Materials Mutant | -9/Materials Mutant | -9/Mines Mutant | -8/Materials Resources | -11 -10 -9 -9 -8 ----------- Run | Scr Mat Mat Min Mat Matter Collected 423 | 82 232 . 50 59 Remotely . | . . . . . Salvage Created 502 | . 392 51 . 59 Parts 30 | . 23 3 . 4 Haulers Intercepted . | . . . . . Recyclers Shooed . | . . . . . Parts Field Recycled . | . . . . . Retrieved Matter . | . . . . . Parts Self-Destructed . | . . . . . Prevented . | . . . . . Kills | -11 -10 -9 -9 -8 ------- Run | Scr Mat Mat Min Mat Combat Hostiles Destroyed 14 | . 10 1 . 3 Guns 13 | . 10 1 . 2 Classes Destroyed 4 | . 3 1 . . Watcher 1 | . 1 . . . Swarmer 6 | . 3 . . 3 Grunt 7 | . 7 . . . Sentry 1 | . . 1 . . Best Kill Streak 3 | . 3 1 . 2 Combat Bots Only 3 | . 3 1 . 2 Max Kills in Single Turn 2 | . 2 1 . 1 Gunslinging 1 | . 1 . . . Exploded . | . . . . . Melee . | . . . . . Uniques/NPCs Destroyed . | . . . . . Combat | -11 -10 -9 -9 -8 -------- Run | Scr Mat Mat Min Mat Damage Taken 1914 | . 598 204 . 1112 Core 762 | . 183 22 . 557 Absorbed by Shields . | . . . . . Core Remaining (%) 73 | 100 26 . 94 . Volleys Fired 62 | . 38 14 . 10 Largest 2 | . 2 2 . 1 Hottest 80 | . 80 40 . 50 Shots Fired 87 | . 55 22 . 10 Gun 87 | . 55 22 . 10 Cannon . | . . . . . Launcher . | . . . . . Special . | . . . . . Kinetic 36 | . 14 22 . . Thermal 24 | . 24 . . . Explosive . | . . . . . Electromagnetic 27 | . 17 . . 10 Robot Hit Streak 12 | . 12 6 . 3 Robot Miss Streak 3 | . 3 2 . 2 Penetration Max . | . . . . . Secondary Targets 2 | . 1 1 . . Max Gunslinging Chain 1 | . 1 1 . . Shots Hit Robots 70 | . 43 17 . 10 Core Hits 26 | . 20 4 . 2 Critical Hits 1 | . . 1 . . Critical Kills . | . . . . . Critical Parts Destroyed 1 | . . 1 . . Melee Attacks 5 | . . . . 5 Impact 3 | . . . . 3 Slashing . | . . . . . Piercing . | . . . . . Sneak Attacks . | . . . . . Combat Hostiles . | . . . . . Follow-up Attacks . | . . . . . Damage Inflicted 764 | . 487 167 . 110 Guns 712 | . 485 167 . 60 Cannons . | . . . . . Explosions . | . . . . . Melee 47 | . . . . 47 Ramming 5 | . 2 . . 3 Kinetic 307 | . 140 167 . . Thermal 188 | . 188 . . . Explosive . | . . . . . Electromagnetic 217 | . 157 . . 60 Impact 47 | . . . . 47 Slashing . | . . . . . Piercing . | . . . . . Highest Corruption . | . . . . . Average Corruption . | . . . . . Corruption Purged . | . . . . . Overload Shots . | . . . . . Overflow Damage 8 | . . . . 8 Projectiles . | . . . . . Explosions . | . . . . . Melee 8 | . . . . 8 Knockbacks . | . . . . . Impact . | . . . . . Kinetic . | . . . . . Secondary . | . . . . . Self-Inflicted Damage 1 | . . . . 1 Shots . | . . . . . Rammed 3 | . . . . 3 Targets Rammed 4 | . 1 . . 3 Kicked 1 | . 1 . . . Crushed . | . . . . . Highest Temperature 189 | . 189 15 . . Average Temperature 68 | . 71 9 . . Received Heat Transfer 573 | . 339 63 . 171 Siege Activations . | . . . . . Robots Corrupted 1 | . . . . 1 Combat Hostiles 1 | . . . . 1 Parts Fried 2 | . . . . 2 Impact Corruptions 1 | . . . . 1 Robots Melted . | . . . . . Combat Hostiles . | . . . . . Parts Melted . | . . . . . Heat Transferred 425 | . 425 . . . Parts Sabotaged . | . . . . . Parts Stolen . | . . . . . Parts Stripped . | . . . . . Power Chain Reactions . | . . . . . Missiles Intercepted . | . . . . . Alert | -11 -10 -9 -9 -8 ------- Run | Scr Mat Mat Min Mat Peak Influence 306 | . 306 104 40 135 Initial 59 | . . 59 40 15 Average 98 | . 153 76 40 36 Maximum Alert Level 1 | . 1 . . . Low Security (%) 82 | 100 66 100 100 100 Level 1 17 | . 33 . . . Level 2 . | . . . . . Level 3 . | . . . . . Level 4 . | . . . . . Level 5 . | . . . . . High Security . | . . . . . Max Security . | . . . . . Squads Dispatched 5 | . 3 . . 2 Investigation 2 | . 1 . . 1 Extermination . | . . . . . Reinforcement 3 | . 2 . . 1 Assault . | . . . . . Garrison . | . . . . . Intercept . | . . . . . Construction Impeded . | . . . . . Haulers Reinforced . | . . . . . Stealth | -11 -10 -9 -9 -8 --------- Run | Scr Mat Mat Min Mat Distress Signals 7 | . 3 1 . 3 Communications Jammed . | . . . . . Distress Signals . | . . . . . Times Spotted 52 | . 22 6 . 24 Peak Tracking Total 16 | . 4 4 . 16 Tactical Retreats 5 | . 3 . . 2 Traps | -11 -10 -9 -9 -8 ------- Run | Scr Mat Mat Min Mat Traps Triggered 2 | . 1 . . 1 Indirectly . | . . . . . Trap Hack Attempts . | . . . . . Triggered . | . . . . . Disarmed . | . . . . . Reprogrammed . | . . . . . Reused . | . . . . . Traps Extracted . | . . . . . Installed . | . . . . . Triggered . | . . . . . Machines | -11 -10 -9 -9 -8 ---------- Run | Scr Mat Mat Min Mat Machines Disabled . | . . . . . Max in Single Turn . | . . . . . Machines Sabotaged . | . . . . . Garrisons Compromised . | . . . . . Overloaded Fab Kills . | . . . . . Fab Network Shutdowns . | . . . . . Hacking | -11 -10 -9 -9 -8 --------- Run | Scr Mat Mat Min Mat Machines Accessed 5 | . 2 2 . 1 Terminals 3 | . 1 1 . 1 Fabricators . | . . . . . Repair Stations . | . . . . . Recycling Units 2 | . 1 1 . . Scanalyzers . | . . . . . Garrison Access . | . . . . . Total Hacks 16 | . 7 5 . 4 Successful 9 | . 3 3 . 3 Failed 7 | . 4 2 . 1 Catastrophic . | . . . . . Database Lockouts . | . . . . . Manual 2 | . . . . 2 Terminals 12 | . 4 4 . 4 Fabricators . | . . . . . Repair Stations . | . . . . . Recycling Units 4 | . 3 1 . . Scanalyzers . | . . . . . Garrison Access . | . . . . . Terminal Hacks 6 | . 1 2 . 3 Record 3 | . . . . 3 Robot Analysis 1 | . 1 . . . Prototype ID Bank 1 | . . 1 . . Locate Traps 1 | . . 1 . . Fabricator Hacks . | . . . . . Repair Station Hacks . | . . . . . Recycling Unit Hacks 3 | . 2 1 . . Report Inventory 2 | . 1 1 . . Retrieve Components 1 | . 1 . . . Scanalyzer . | . . . . . Garrison Access Hacks . | . . . . . Unauthorized Hacks . | . . . . . Terminals . | . . . . . Fabricators . | . . . . . Repair Stations . | . . . . . Recycling Units . | . . . . . Scanalyzers . | . . . . . Garrison Access . | . . . . . Data Cores Recovered . | . . . . . Used . | . . . . . Hacking Detections 4 | . 2 1 . 1 Full Trace Events 3 | . 1 1 . 1 Feedback Events . | . . . . . Feedback Blocked . | . . . . . Robot Schematics Acquired . | . . . . . Robots Built . | . . . . . Matter . | . . . . . Time . | . . . . . Total Robot Build Rating . | . . . . . Part Schematics Acquired . | . . . . . Parts Built . | . . . . . Matter . | . . . . . Time . | . . . . . Total Part Build Rating . | . . . . . Parts Repaired . | . . . . . Time . | . . . . . Parts Recycled . | . . . . . Recycled Matter . | . . . . . Retrieved Matter . | . . . . . Retrieved Components 5 | . 5 . . . Parts Scanalyzed . | . . . . . Part Schematics Acquired . | . . . . . Parts Damaged . | . . . . . Bothacking | -11 -10 -9 -9 -8 ------------ Run | Scr Mat Mat Min Mat Used RIF Installer . | . . . . . Robots Hacked 1 | . . . . 1 Non-combat . | . . . . . Combat 1 | . . . . 1 Robot Hacks Applied 1 | . . . . 1 parse_system 1 | . . . . 1 Relay Couplers Released . | . . . . . Robots Rewired . | . . . . . Allies Hacked . | . . . . . Hacks Repelled . | . . . . . Allies | -11 -10 -9 -9 -8 -------- Run | Scr Mat Mat Min Mat Total Allies . | . . . . . Largest Group . | . . . . . Highest-Rated Group . | . . . . . Highest-Rated Ally . | . . . . . Total Orders . | . . . . . Ally Attacks . | . . . . . Total Damage . | . . . . . Kills . | . . . . . Allies Corrupted . | . . . . . Allies Melted . | . . . . . Intel | -11 -10 -9 -9 -8 ------- Run | Scr Mat Mat Min Mat Robot Analysis Total 1 | . 1 . . . Derelict Logs Recovered . | . . . . . Drone Launches . | . . . . . Drone Recoveries . | . . . . . Exploration | -11 -10 -9 -9 -8 ------------- Run | Scr Mat Mat Min Mat Turns Passed 1093 | 61 557 119 36 320 Spaces Moved 1009 | 42 402 196 100 269 Core 68 | 2 52 . . 14 Treads . | . . . . . Legs 286 | 40 246 . . . Wheels . | . . . . . Hover . | . . . . . Flight 655 | . 104 196 100 255 Fastest Speed 31 | 50 37 34 34 31 Average Speed 71 | 116 102 34 34 59 Slowest Speed 200 | 120 150 117 34 200 Overloaded Moves . | . . . . . Propulsion Burnouts . | . . . . . Robots Hopped 4 | . . . . 4 Cave-ins Triggered . | . . . . . Exploration Rate (%) 26 | 3 47 21 34 28 Regions Visited 4 Branch Regions 1 Pre-discovered Areas 1 | . . . 1 . Known Exits Taken . | . . . . . Unknown Exits Taken 4 | 1 1 1 1 . Scrap Searched 1 | . . . 1 . Spaces Dug . | . . . . . Terrain Destroyed . | . . . . . Melee . | . . . . . Projectile . | . . . . . AOE . | . . . . . Terrain Rammed . | . . . . . Walls Destroyed . | . . . . . Machines Disabled . | . . . . . Actions | -11 -10 -9 -9 -8 --------- Run | Scr Mat Mat Min Mat Total 1273 | 51 489 227 100 406 Wait 133 | . 21 5 . 107 Move 997 | 41 401 195 99 261 Hop 4 | . . . . 4 Pick Up 24 | 4 11 3 . 6 Fast Attach 18 | 6 8 1 1 2 Attach 12 | . 1 5 . 6 Detach 2 | . . 1 . 1 Swap 1 | . . 1 . . Drop 11 | . 8 2 . 1 Fire 62 | . 38 14 . 10 Melee 5 | . . . . 5 Ram 3 | . . . . 3 Kick 1 | . 1 . . . Crush . | . . . . . Escape Stasis . | . . . . . Rewire . | . . . . . Trap . | . . . . . Miscellaneous . | . . . . . Route ------- -11/Scrapyard -10/Materials (discovered 3 exits: *Mat x2 / [*Min]) -9/Materials -9/Mines (discovered 2 exits: *Mat x2) -8/Materials History --------- Turn | Location | Event 2 | -11/Scrapyard | Met Revision 17 27 | -11/Scrapyard | Discovered new exit (range 16) 62 | -11/Scrapyard | Entered Materials 290 | -10/Materials | Discovered new exit (range 15) 301 | -10/Materials | Build established: Mutant 376 | -10/Materials | Discovered new exit (range 7) 403 | -10/Materials | Discovered new exit (range 16) 434 | -10/Materials | Core integrity fell below 50% 619 | -10/Materials | Entered another Materials area 619 | -9/Materials | Evolved 2 slots: Propulsion x1, Utility x1 702 | -9/Materials | Lost 3 parts (1n2w) 732 | -9/Materials | Discovered new exit (range 16) 738 | -9/Materials | Entered Mines 761 | -9/Mines | Discovered new exit (range 9) 769 | -9/Mines | Discovered new exit (range 15) 770 | -9/Mines | Learned location of Storage (-9) 774 | -9/Mines | Entered Materials 774 | -8/Materials | Evolved 2 slots: Power x1, Propulsion x1 870 | -8/Materials | Lost 3 parts (1p1n1w) 924 | -8/Materials | Lost 3 parts (1n2w) 1036 | -8/Materials | Lost 4 parts (2n2w) 1071 | -8/Materials | Core integrity fell below 50% 1089 | -8/Materials | Core integrity fell below 20% 1094 | -8/Materials | Destroyed by S-10 Pest with Light Assault Rifle Last Messages --------------- 01005_ Hammer destroyed. 01005_ Flight Unit destroyed. 01005_ Proton Bomb Trap short circuited. 01005_ A bubble of electromagnetic force engulfs the area. 01007_ U-05 Engineer lays Concrete. 01014_ U-05 Engineer builds a Door. 01019_ U-05 Engineer lays Concrete. 01032_ W-25 Informer sends out distress signal. 01035_ K-01 Serf collects debris. 01035_ W-25 Informer sends out distress signal. 01038_ K-01 Serf collects debris. 01050_ Slug penetrates Wall. 01053_ Penetrated by Slug. 01058_ Terminal disabled. 01058_ VTOL Module destroyed. 01062_ Core Shielding destroyed. 01067_ Flight Unit destroyed. 01075_ Slug penetrates Wall. 01081_ Slammed into S-10 Pest. 01094_ Targeting Computer destroyed. Map ----- +----------------------------------------------------+ | | | | | | | | | | | | | | | | | | | | | | | | | | | | | | | | | ?????#############??????????????????? | | ?????# !! #??????????????????? | | ?????# !! """ #??????????????????? | | ?????# !! """ #??????????????????? | | ?????# """ ##?????????????????? | | ?????# #?????????????????? | | ?????# "T" #??????????????????? | | ?????#[ """ #??????????????????? | | ??????#####g####+####???????????????? | | ??????####s @g o/ ????????? | | ??????# ggs ssg ####???????????????? | | ??????#h####### #??????????????????? | | ??????# #?????# #??????????????????? | | ??????# #?????# #??????????????????? | | ??????# #????? #??????????????????? | | ??????# #????? /??????????????????? | | ????###+####### #??????????????????? | | ????# ## #??????????????????? | | ????# ## #??????????????????? | | ????# ## #??????????????????? | | ????# ## ##?????? ##????????? | | ????# """ # ##### #????????? | | ????# """"" / ?????? | | ????# """"" # #????????? | | ????# """"" # ##### #????????? | | ????#! """ ## ###########????????? | | ????########### # #????????? | | ???????# + + ! #????????? | | ???????# # # ] #????????? | | ???????# ??# # #????????? | | ???????# ????# #?#########????????? | | ???????#??????# #???????##?????????? | | ??????????????# ##### #?????????? | | ???????######## #?????????? | +----------------------------------------------------+ Best States ------------- Heat Dissipation 31 Energy Generation 10 Energy Capacity 125 Matter Stores 300 Matter Capacity 300 Sight Range 16 Terrain Scan Density 10 Core Shielding 20 Evasion (%) 63 Targeting Accuracy 5 Item Schematics ----------------- None Robot Schematics ------------------ None Fabricated ------------ Nothing Alien Tech Used ----------------- None Achievements -------------- None Challenges ------------ None Game ------ Seed BurstPointyWings Manual? 0 Play Time 00:21:07 Cumulative 26.3 hours Start 2021.09.16 @ 14:46:25 End 2021.09.16 @ 15:03:06 Sessions 1 Manual Loads 0 Difficulty Rogue Special Mode None Game No. 53 Rogue 53 Adventurer 0 Explorer 0 Win Type - Total 0 Types 0/0/0/0/0/0/0/0/0 Lore% 25 Gallery% 22 Achievement% 17 Wizard Run 0 Options --------- ASCII 1 Keyboard 1 Movement Vi Keybinds 0 Fullscreen 1 Font 18/Terminus Map View 76x50 Tactical HUD 1 Map Filters NONE Filters NONE Steam 1 RUN: 960797ff-78b2-4315-8e03-7d4144168dfb